 Dungeon Crawl Stone Soup version 0.26-a0-707-g31817bcca1 (webtiles) character file.

Game seed: 8614802941038567986

75 snetch the Chopper (level 4, -1/41 HPs)
             Began as a Minotaur Berserker on Oct 26, 2020.
             Was a Believer of Trog.
             Slain by Natasha (7 damage)
             ... on level 2 of the Dungeon.
             The game lasted 00:02:49 (1169 turns).

snetch the Chopper (Minotaur Berserker)             Turns: 1169, Time: 00:02:50

Health: -1/41      AC:  5    Str: 22    XL:     4   Next: 11%
Magic:  3/3        EV: 11    Int:  4    God:    Trog [**....]
Gold:   63         SH:  0    Dex: 10    Spells: 3/3 levels left

rFire    . . .     SeeInvis .   a - +0 hand axe
rCold    . . .     Faith    .   (no shield)
rNeg     . . .     Spirit   .   c - +0 ring mail
rPois    .         Reflect  .   (helmet restricted)
rElec    .         Harm     .   (no cloak)
rCorr    .         Rampage  .   (no gloves)
MR       .....                  (no boots)
Stlth    ..........             n - amulet of inaccuracy (curse)
HPRegen  0.13/turn              (no ring)
MPRegen  0.08/turn              (no ring)

@: no status effects
A: retaliatory headbutt, horns 2
a: Berserk, Trog's Hand, Renounce Religion


You were on level 2 of the Dungeon.
You worshipped Trog.
Trog was pleased with you.
You visited 1 branch of the dungeon, and saw 3 of its levels.

You collected 63 gold pieces.

Inventory:

Hand Weapons
 a - a +0 hand axe (weapon)
Missiles
 b - 61 stones (quivered)
 d - 4 javelins
 e - 28 arrows
 p - 19 sling bullets
Armour
 c - a +0 ring mail (worn)
Jewellery
 n - a cursed amulet of inaccuracy (around neck)
Wands
 g - a wand of flame (16)
Scrolls
 f - a scroll of noise {unknown}
 h - 2 scrolls of amnesia {unknown}
 i - 3 scrolls of enchant weapon {unknown}
 j - 2 scrolls of fear {unknown}
 k - a scroll of identify {unknown}
 q - a scroll of teleportation {unknown}
Potions
 l - a potion of invisibility {unknown}
 m - a potion of stabbing {unknown}
 o - 2 potions of heal wounds
 r - a potion of ambrosia {unknown}


   Skills:
 + Level 4.3 Fighting
 + Level 4.5 Axes
 + Level 3.2 Armour
 + Level 2.8 Dodging
 + Level 0.1 Stealth


You had 3 spell levels left.
You didn't know any spells.
Your spell library was empty.

Dungeon Overview and Level Annotations

Branches:
Dungeon (3/15)

Altars:

Annotations:
D:2 Natasha


Innate Abilities, Weirdness & Mutations

You reflexively headbutt those who attack you in melee.
You have a pair of horns on your head.


Message History

You closely miss the rat. You hit the worm. You hit Natasha.
Natasha misses you. The rat bites you but does no damage.
The white imp gestures at you. The puff of frost hits you!
You are too injured to fight recklessly!
You are too injured to fight recklessly!
Unknown command.
You are too injured to fight recklessly!
You barely miss Natasha. Your headbutt misses Natasha.
Natasha is heavily wounded.
You closely miss the white imp. You hit the rat.
You kill the rat!
Trog accepts your kill.
You hit the worm. Natasha claws you. The worm bites you.
* * * LOW HITPOINT WARNING * * *
The white imp gestures at you. The puff of frost hits you.
* * * LOW HITPOINT WARNING * * *
Natasha claws you!
You die...

#### #....
##.......# #....
.........## ###
#####
##.......#.....
.......w.' ....
#........#....!
#........#.....
#.....5†.'.....
#....wh@w#
#.###+##.########
#........#.#
##########.#.#
...........#.######
####.#.#..#.#.....
#.#..#.#.####
#.#..#.......
#.#..#.#.####


You could see 2 worms, Natasha (resistant), a white imp (summoned) and a dart
slug.

Vanquished Creatures
  Natasha (D:2)
  A gnoll (D:1)
  An adder (D:2)
  A dart slug (D:1)
  2 leopard geckos (D:1)
  A ball python (D:1)
  A giant cockroach (D:1)
  5 goblins
  A hobgoblin (D:1)
  2 jackals (D:1)
  3 kobolds
  A bat (D:3)
  2 frilled lizards
  7 rats
29 creatures vanquished.

Notes
Turn   | Place    | Note
-------+----------+-------------------------------------------
     0 | D:1      | snetch the Minotaur Berserker began the quest for the Orb.
     0 | D:1      | Reached XP level 1. HP: 19/19 MP: 0/0
   172 | D:2      | Reached XP level 2. HP: 26/27 MP: 1/1
   325 | D:1      | Reached XP level 3. HP: 12/33 MP: 2/2
   791 | D:2      | Noticed Natasha
   807 | D:2      | Killed Natasha
   807 | D:2      | Reached ** piety under Trog
   807 | D:2      | Reached XP level 4. HP: 23/41 MP: 3/3
  1161 | D:2      | Noticed Natasha
  1169 | D:2      | Slain by Natasha

Illustrated notes

Levels and vault maps discovered:
D:1:      lightli_arrival_quake, layout_rooms
D:2:      layout_basic, uniq_natasha, uniq_sigmund
D:3:      layout_basic

Skill      XL: |  1  2  3 |
---------------+----------+-----
Fighting       | 4 |  4.3
Axes           | 4 |  4.5
Armour         | 3 |  3.2
Dodging        | |  2.8
Stealth        | |  0.1

Action                   |  1- 3 |  4- 6 || total
-------------------------+-------+-------++-------
Melee: Hand axe          |    63 |    11 ||    74
       Headbutt          |     7 |     2 ||     9
  Use: Potion            |     1 |       ||     1
Armor: Ring mail         |    22 |     4 ||    26
Dodge: Dodged            |    45 |     6 ||    51

Table legend: (Time is in decaauts)
 A = Elapsed time spent in this place.
 B = Non-inter-level travel time spent in this place.
 C = Inter-level travel time spent in this place.
 D = Time resting spent in this place.
 E = Time spent auto-exploring this place.
 F = Levels seen in this place.
 G = Mean time per level.
                   A        B        C        D        E       F      G
               +--------+--------+--------+--------+--------+-----+--------+
         Total |   1184 |   1149 |     35 |      0 |    791 |   3 |  394.7 |
       Dungeon |   1184 |   1149 |     35 |      0 |    791 |   3 |  394.7 |
               +--------+--------+--------+--------+--------+-----+--------+

Top non-repeatable levels by time:
     D:1: 916 daAuts
     D:2: 263 daAuts
     D:3: 4 daAuts
